 Dungeon Crawl Stone Soup version 0.22-a0-396-g3f858e3 (webtiles) character file.

145 Borgoz the Chopper (level 5, 0/46 HPs)
             Began as a Hill Orc Abyssal Knight on May 3, 2018.
             Was a Believer of Lugonu.
             Slain by a two-headed ogre
             ... wielding a +0 giant club
              (20 damage)
             ... on level 4 of the Dungeon.
             The game lasted 00:05:02 (3440 turns).

Borgoz the Chopper (Hill Orc Abyssal Knight)        Turns: 3440, Time: 00:05:05

Health: 0/46       AC:  3    Str: 15    XL:     5   Next: 27%
Magic:  7/7        EV: 14    Int: 12    God:    Lugonu [**....]
Gold:   158        SH:  0    Dex: 11    Spells: 4/4 levels left

rFire    . . .     SeeInvis .   a - +1 hand axe
rCold    . . .     Gourm    .   (no shield)
rNeg     . . .     Faith    .   b - +0 leather armour
rPois    .         Spirit   .   (no helmet)
rElec    .         Reflect  .   (no cloak)
rCorr    .         Harm     .   (no gloves)
MR       .....                  (no boots)
Stlth    +.........             (no amulet)
HPRegen  0.15/turn              m - +3 ring of evasion
MPRegen  0.10/turn              (no ring)

@: no status effects
A: no striking features
a: Depart the Abyss, Bend Space, Renounce Religion


You were on level 4 of the Dungeon.
You worshipped Lugonu.
Lugonu was pleased with you.
You were not hungry.

You visited 1 branch of the dungeon, and saw 4 of its levels.
You visited the Abyss 1 time.

You collected 158 gold pieces.

Inventory:

Hand Weapons
 a - a +1 hand axe (weapon)
Armour
 b - a +0 leather armour (worn)
Jewellery
 m - a +3 ring of evasion (left hand)
Scrolls
 d - a scroll of immolation {unknown}
 f - 7 scrolls of teleportation {unknown}
 g - 4 scrolls of identify {unknown}
 i - 3 scrolls of remove curse {unknown}
 j - a scroll of fog {unknown}
 k - 3 scrolls of magic mapping {unknown}
 l - a scroll of amnesia {unknown}
 p - a scroll of enchant armour {unknown}
Potions
 e - a potion of magic {unknown}
 h - 2 potions of agility {unknown}
 n - 2 potions of mutation {unknown}
 o - 3 potions of heal wounds {unknown}
 q - a potion of experience {unknown}
 r - 2 potions of curing {unknown}
Comestibles
 c - 7 rations


   Skills:
 + Level 4.2 Fighting
 + Level 5.3 Axes
 + Level 2.7 Armour
 + Level 1.4 Dodging
 + Level 0.7 Stealth
 + Level 3.1 Invocations


You had 4 spell levels left.
You didn't know any spells.

Dungeon Overview and Level Annotations

Branches:
Dungeon (4/15)
 Temple: D:4-7

Altars:
Yredelemnul


Message History

Lugonu accepts your kill.
You hit the orc. x2; The orc completely misses you.
Okay, then.
Unknown command.
You hit the orc.
The orc is almost dead.
You hit the two-headed ogre. The orc hits you but does no damage.
You hit the orc.
You kill the orc!
Lugonu accepts your kill.
You hit the two-headed ogre but do no damage.
The two-headed ogre completely misses you.
The two-headed ogre barely misses you.
You hit the two-headed ogre.
The two-headed ogre is lightly wounded.
You hit the orc but do no damage. The orc misses you.
The two-headed ogre hits you with a giant club!!
Ouch! That really hurt!
The two-headed ogre hits you with a giant club!!
You die...

..#######.<# #....#
...........# #....#
...###..#..####....#
...#....#..##......#
...#.#.>...##.#....#
..............#....#
..#..#.#..#####....#
....##....# ##.###
....#..)... #@o.#
...<..........$†)O......
........................
........................
.....#........>.........
. .....#.♣.......
#####.. ..#...# .♣
♣######


You could see a two-headed ogre and an orc.

Vanquished Creatures
  A hound skeleton (D:2)
  5 adders
  An ooze (D:1)
  3 worms
  3 dart slugs
  4 orcs
  10 bats
  9 goblins
  7 hobgoblins
  8 jackals
  6 kobolds
  A ball python (D:1)
  4 frilled lizards
  5 rats
67 creatures vanquished.

Vanquished Creatures (others)
  The ghost of Totori the Sneak, an amateur SpEn (D:4)
1 creature vanquished.

Grand Total: 68 creatures vanquished

Notes
Turn   | Place    | Note
-------+----------+-------------------------------------------
     0 | Abyss:1  | Borgoz the Hill Orc Abyssal Knight began the quest for the Orb.
     0 | Abyss:1  | Reached XP level 1. HP: 19/19 MP: 2/2
    46 | Abyss:1  | Noticed a starcursed mass
    46 | D:1      | Escaped the Abyss
   202 | D:1      | Reached skill level 3 in Axes
   202 | D:1      | Reached XP level 2. HP: 22/26 MP: 4/4
   509 | D:1      | Reached * piety under Lugonu
   548 | D:1      | Reached XP level 3. HP: 29/33 MP: 5/5
   906 | D:2      | Reached skill level 1 in Dodging
  1062 | D:2      | Reached skill level 4 in Axes
  1370 | D:2      | You fall through a shaft!
  1398 | D:3      | Reached XP level 4. HP: 22/40 MP: 6/6
  2315 | D:2      | Reached ** piety under Lugonu
  2408 | D:2      | Reached skill level 5 in Axes
  2957 | D:3      | Found a basalt altar of Yredelemnul.
  3009 | D:3      | Reached XP level 5. HP: 43/46 MP: 7/7
  3054 | D:3      | Found a faded altar of an unknown god.
  3368 | D:4      | Killed Totori's ghost
  3434 | D:4      | Noticed a two-headed ogre
  3440 | D:4      | Slain by a two-headed ogre

Vault maps used:
D:1:      erik_arrival_triangle_small, minmay_misc_feat_x
D:2:      first_ration, minivault_23
D:3:      overflow_temple_1_default, chequers_ecumenical_altar_island
D:4:      lemuel_temple_firewalk_a, serial_shops, nicolae_shop_trees

Skill      XL: |  1  2  3  4 |
---------------+-------------+-----
Axes           | 3 4 5 |  5.3
Invocations    | 3 |  3.1
Dodging        | 1 |  1.4
Fighting       | 4 |  4.2
Armour         | |  2.7
Stealth        | |  0.7

Action                   |  1- 3 |  4- 6 || total
-------------------------+-------+-------++-------
Melee: Hand axe          |   127 |   125 ||   252
Invok: Depart the Abyss  |     1 |       ||     1
 Stab: Sleeping          |     1 |       ||     1
  Eat: Chunk             |     1 |     7 ||     8
Armor: Leather armour    |    41 |    29 ||    70
Dodge: Dodged            |   101 |    97 ||   198

Table legend:
 A = Spawn XP
 B = Non-spawn XP
 C = Spawn XP percentage of total XP
 D = Spawn monster count
 E = Non-spawn monster count
 F = Spawn count percentage of total count
 G = Total turns spent on level
                    A         B        C        D         E        F      G
               +---------+---------+-------+---------+---------+-------+---------
         Total |       0 |     208 |   0.0 |       0 |      67 |   0.0 |  3440
               +---------+---------+-------+---------+---------+-------+---------
           D:1 |       0 |      39 |   0.0 |       0 |      17 |   0.0 |   673
           D:2 |       0 |      76 |   0.0 |       0 |      22 |   0.0 |  2036
           D:3 |       0 |      82 |   0.0 |       0 |      25 |   0.0 |   566
           D:4 |       0 |      11 |   0.0 |       0 |       3 |   0.0 |   119
               +---------+---------+-------+---------+---------+-------+---------
